 Dungeon Crawl Stone Soup version 0.28-a0-556-gab23d0e057 (webtiles) character file.

Game seed: 3743663289167576649

44 shoop the Grave Robber (level 3, 0/16 HPs)
             Began as a Vine Stalker Necromancer on Sept 28, 2021.
             Slain by a bat (1 damage)
             ... on level 2 of the Dungeon.
             The game lasted 00:03:01 (1602 turns).

shoop the Grave Robber (Vine Stalker Necromancer)   Turns: 1602, Time: 00:03:02

Health: 0/16       AC:  2    Str: 10    XL:     3   Next: 62%
Magic:  0/8        EV: 12    Int: 16    God:
Gold:   26         SH:  0    Dex: 14    Spells: 6/7 levels left

rFire   . . .      SeeInvis .   b - +0 spear
rCold   . . .      Faith    .   (no shield)
rNeg    . . .      Spirit   +   a - +0 robe
rPois   .          Reflect  .   (no helmet)
rElec   .          Harm     .   (no cloak)
rCorr   .          Rampage  .   (no gloves)
Will    .....                   (no boots)
Stlth   ++........              (no amulet)
HPRegen 0.05/turn               (no ring)
MPRegen 0.11/turn               (no ring)

@: no status effects
A: fangs 2, magic shield, antimagic bite, no potion heal 2
a: no special abilities


You were on level 2 of the Dungeon.
You visited 1 branch of the dungeon, and saw 2 of its levels.

You collected 26 gold pieces.

Inventory:

Hand Weapons
 b - a +0 spear (weapon)
Armour
 a - a +0 robe (worn)
Scrolls
 d - a scroll of fear {unknown}
Potions
 c - a potion of brilliance {unknown}


   Skills:
 - Level 1.5 Dodging
 - Level 2.4 Stealth
 + Level 2.9 Spellcasting
 * Level 4.9 Necromancy


You had 6 spell levels left.
You knew the following spells:

 Your Spells              Type           Power      Damage    Failure   Level
a - Pain                  Necr           72%        1d7       2%          1

Your spell library contained the following spells:

 Spells                   Type           Power      Damage    Failure   Level
 Animate Skeleton         Necr           36%        N/A       2%          1
 Vampiric Draining        Necr           9%         2d7       8%          3
 Animate Dead             Necr           9%         N/A       26%         4
 Agony                    Necr           18%        N/A       56%         5


Dungeon Overview and Level Annotations

Branches:
Dungeon (2/15)

Altars:

Annotations:
D:2 Natasha


Innate Abilities, Weirdness & Mutations

You have extremely sharp teeth.
When hurt, damage is shared between your health and your magic reserves.
Your bite disrupts and absorbs the magic of your enemies.
Potions cannot restore your health.


Message History

You hit the quokka. Your bite misses the quokka.
The quokka is almost dead.
The frilled lizard hisses angrily.
A bat comes into view.
The quokka bites you.
An adder comes into view.
The quokka closely misses you.
You barely miss the quokka.
The adder hisses angrily.
You bite the quokka, but do no damage.
The quokka is almost dead.
The quokka barely misses you. The quokka misses you. The quokka bites you.
You closely miss the quokka.
The quokka is almost dead.
The bat misses you. The quokka barely misses you. The quokka misses you.
You hit the quokka.
You kill the quokka!
The bat hits you but does no damage. The quokka bites you.
You hit the quokka. Your bite misses the quokka.
The quokka is lightly wounded.
The bat hits you. The quokka bites you. x2
* * * LOW HITPOINT WARNING * * *
The bat hits you but does no damage.
A rat comes into view.
The bat misses you.
Casting: Pain (safe; 2% risk of failure)
Confirm with . or Enter, or press ? or * to list all spells.
Aiming: Pain (safe; 2% risk of failure)
Press: ? - help, Shift-Dir - straight line, f - adder
Aim: an adder (chance to affect: 84%)
The adder writhes in agony.
The bat barely misses you. The adder bites you.
* * * LOW HITPOINT WARNING * * *
The quokka bites you.
Unknown command.
Casting: Pain (safe; 2% risk of failure)
Confirm with . or Enter, or press ? or * to list all spells.
You don't have enough magic to cast this spell.
Unknown command.
The bat hits you.
You die...

. #.#....# #... ..
#......# #... ..
#......######### #...
#.##..........#...# ##..
#...#........#...# #..
####.B.#............# ###
......lS............##
#......r....####.....#####
#.......b@................
#..........##........#####
...........##.....†..##...
...........#.........##...
...........#.....###.##...
....>......'..........+...
.........r#.........##...
#........# ....###.##...
... #+#####


You could see an adder, a quokka, a giant cockroach, a bat, a frilled lizard and
a rat (asleep).

Vanquished Creatures
  2 adders (D:2)
  2 dart slugs (D:2)
  2 endoplasms (D:2)
  4 goblins (D:2)
  A hobgoblin (D:2)
  2 quokkas (D:2)
  2 ball pythons (D:2)
  5 bats (D:2)
  A frilled lizard (D:2)
  2 kobolds (D:2)
23 creatures vanquished.

Notes
Turn   | Place    | Note
-------+----------+-------------------------------------------
     0 | D:1      | shoop the Vine Stalker Necromancer began the quest for the
                  | Orb.
     0 | D:1      | Reached XP level 1. HP: 9/9 MP: 4/4
     1 | D:1      | You fall into a shaft and drop 1 floor!
     2 | D:2      | Noticed Natasha
   183 | D:2      | Reached XP level 2. HP: 5/13 MP: 0/6
   865 | D:2      | Reached XP level 3. HP: 1/16 MP: 1/8
  1602 | D:2      | Slain by a bat

Illustrated notes

Levels and vault maps discovered:
D:1:      minmay_arrival_radiant_lines, layout_basic,
          shapermc_ecumenical_altar_pompeii, minmay_lizard_pond
D:2:      layout_basic, minmay_misc_feat_rows, kennysheep_another_room,
          minmay_hexomino_c4, uniq_terence, uniq_natasha

Action                   || total
-------------------------++-------
Melee: Unarmed           ||     5
       Bite              ||     3
       Spear             ||    16
 Cast: Pain              ||    42
Armor: Robe              ||     5
Dodge: Dodged            ||    25

Table legend: (Time is in decaauts)
 A = Elapsed time spent in this place.
 B = Non-inter-level travel time spent in this place.
 C = Inter-level travel time spent in this place.
 D = Time resting spent in this place.
 E = Time spent auto-exploring this place.
 F = Levels seen in this place.
 G = Mean time per level.
                   A        B        C        D        E       F      G
               +--------+--------+--------+--------+--------+-----+--------+
         Total |   1602 |   1602 |      0 |     53 |   1379 |   2 |  801.0 |
       Dungeon |   1602 |   1602 |      0 |     53 |   1379 |   2 |  801.0 |
               +--------+--------+--------+--------+--------+-----+--------+

Top non-repeatable levels by time:
     D:2: 1601 daAuts
     D:1: 1 daAuts
